 Dungeon Crawl Stone Soup version 0.29-a0-221-gceb61267dd (webtiles) character file.

Game seed: 693809843209930396

438 Penntra the Vexing (level 6, -2/28 HPs)
             Began as a Spriggan Enchanter on Feb 26, 2022.
             Slain by Natasha (5 damage)
             ... on level 4 of the Dungeon.
             The game lasted 00:10:25 (4429 turns).

Penntra the Vexing (Spriggan Enchanter)             Turns: 4429, Time: 00:10:25

Health: -2/28      AC:  3    Str:  6    XL:     6   Next: 69%
Magic:  4/16       EV: 17    Int: 17    God:
Gold:   101        SH:  0    Dex: 15    Spells: 9/17 levels left

rFire   . . .      SeeInvis +   a - +2 dagger (protect)
rCold   . . .      Faith    .   (no shield)
rNeg    . . .      Spirit   .   b - +1 robe
rPois   .          Reflect  .   (helmet restricted)
rElec   .          Harm     .   (no cloak)
rCorr   .          Rampage  .   (gloves unavailable)
Will    +....                   (boots unavailable)
Stlth   +++.......              (no amulet)
HPRegen 0.09/turn               (no ring)
MPRegen 0.15/turn               (no ring)

@: very slightly contaminated, very quick
A: very small, no large weapons, unfitting armour, see invisible, speed 3
a: no special abilities


You were on level 4 of the Dungeon.
You visited 1 branch of the dungeon, and saw 4 of its levels.

You collected 143 gold pieces.
You spent 42 gold pieces at shops.

Inventory:

Hand Weapons
 a - a +2 dagger of protection (weapon)
Missiles
 d - 8 poisoned darts (quivered)
Armour
 b - a +1 robe (worn)
Scrolls
 c - a scroll of teleportation
 f - 2 scrolls of identify
Potions
 e - 2 potions of berserk rage
 h - a potion of curing


   Skills:
 - Level 1.1 Short Blades
 - Level 2.6 Dodging
 + Level 6.2 Stealth
 + Level 6.0 Spellcasting
 + Level 6.5 Hexes


You had 9 spell levels left.
You knew the following spells:

 Your Spells              Type           Power      Damage    Failure   Level
a - Ensorcelled Hibernat  Hex/Ice        32%        N/A       4%          2
b - Tukima's Dance        Hex            27%        N/A       2%          3
d - Confusing Touch       Hex            27%        N/A       2%          3

Your spell library contained the following spells:

 Spells                   Type           Power      Damage    Failure   Level
 Dazzling Flash           Conj/Hex       32%        N/A       10%         3
 Inner Flame              Hex/Fire       16%        N/A       10%         3
 Foxfire                  Conj/Fire      20%        2x1d5     13%         1
 Conjure Flame            Conj/Fire      5%         6-21      36%         3
 Flame Wave               Conj/Fire      5%         2d5       77%         4


Dungeon Overview and Level Annotations

Branches:
Dungeon (4/15)             Temple (0/1) D:4

Altars:
Ashenzari
The Shining One

Shops:
D:4 ?

Annotations:
D:4 Natasha


Innate Abilities, Weirdness & Mutations

You are very small and have problems with some larger weapons.
You are too small for most types of armour.
You have supernaturally acute eyesight. (SInv)
You cover ground extremely quickly. (Speed+++)


Message History

Aim: Natasha (chance to affect: 50%) Natasha resists with some effort.
Natasha claws you! The white imp gestures at you. The puff of frost hits you!
Unknown command.
Casting: Ensorcelled Hibernation (safe; 4% risk of failure)
Confirm with . or Enter, or press ? or * to list all spells.
Aiming: Ensorcelled Hibernation (safe; 4% risk of failure)
Press: ? - help, Shift-Dir - straight line, f/p - Natasha
Aim: Natasha (chance to affect: 50%)
Okay, then.
Unknown command.
Casting: Ensorcelled Hibernation (safe; 4% risk of failure)
Confirm with . or Enter, or press ? or * to list all spells.
Aiming: Ensorcelled Hibernation (safe; 4% risk of failure)
Press: ? - help, Shift-Dir - straight line, f/p - Natasha
Aim: Natasha (chance to affect: 50%)
You miscast Ensorcelled Hibernation.
You are very lightly contaminated with residual magic.
Nothing appears to happen.
Natasha claws you.
* * * LOW HITPOINT WARNING * * *
The white imp hits you.
* * * LOW HITPOINT WARNING * * *
The white imp freezes you.
* * * LOW HITPOINT WARNING * * *
Casting: Ensorcelled Hibernation (safe; 4% risk of failure)
Confirm with . or Enter, or press ? or * to list all spells.
Aiming: Ensorcelled Hibernation (safe; 4% risk of failure)
Press: ? - help, Shift-Dir - straight line, f/p - Natasha
Aim: Natasha (chance to affect: 50%) Natasha resists with some effort.
Natasha misses you. The white imp closely misses you.
Unknown command.
Casting: Ensorcelled Hibernation (safe; 4% risk of failure)
Confirm with . or Enter, or press ? or * to list all spells.
Aiming: Ensorcelled Hibernation (safe; 4% risk of failure)
Press: ? - help, Shift-Dir - straight line, f/p - Natasha
Aim: Natasha (chance to affect: 50%) Natasha resists with some effort.
Natasha claws you.
You die...

*#.#.#._.#.#..#.#
#..#.#...#.#..#.#
#..#.......#..#.#####
#..#.#####.#........#
#...................#
#........###........#
*****#........# #........#
*,..##........# #........# **
*,......h@....# ###.......
,*******,......5.###'### ##>.....
,**,,,,*,........#≈≈.≈≈# #......
,*,,,,,,,........#≈⌠.⌠≈#**#......
,*,,,,,,,........+..∩..+.##......
,*,,,,,,,......!.#≈⌠.⌠≈#.........
,*,,,,,,,........#≈≈.≈≈##.....#..
,*,****,*##...######'####.....#..
,*,* *,* *,,,* #.............


You could see Natasha and a white imp (summoned).

Vanquished Creatures
  Grinder (D:3)
  2 hounds (D:4)
  A jelly (D:3)
  An orc priest (D:3)
  3 adders
  2 dart slugs
  4 orcs (D:3)
  8 ball pythons
  3 endoplasms (D:1)
  6 giant cockroaches
  8 goblins
  6 hobgoblins
  6 jackals (D:2)
  7 quokkas
  9 bats
  2 frilled lizards
  6 kobolds
  3 rats
78 creatures vanquished.

Notes
Turn   | Place    | Note
-------+----------+-------------------------------------------
     0 | D:1      | Penntra the Spriggan Enchanter began the quest for the Orb.
     0 | D:1      | Reached XP level 1. HP: 9/9 MP: 5/5
   208 | D:1      | Reached XP level 2. HP: 11/13 MP: 7/7
   269 | D:1      | Learned a level 2 spell: Ensorcelled Hibernation
   780 | D:1      | Reached XP level 3. HP: 16/16 MP: 9/9
   787 | D:1      | Learned a level 3 spell: Tukima's Dance
   791 | D:1      | Learned a level 3 spell: Confusing Touch
  1953 | D:2      | Found a glowing golden altar of the Shining One.
  2233 | D:2      | Found a faded altar of an unknown god.
  2240 | D:2      | Reached XP level 4. HP: 21/21 MP: 11/11
  2663 | D:3      | Reached skill level 5 in Hexes
  3086 | D:3      | Reached skill level 5 in Spellcasting
  3086 | D:3      | Reached XP level 5. HP: 14/24 MP: 5/13
  3317 | D:3      | Noticed Grinder
  3343 | D:3      | Killed Grinder
  3344 | D:3      | Reached skill level 5 in Stealth
  3344 | D:3      | Reached XP level 6. HP: 14/28 MP: 11/15
  4329 | D:4      | Found a broken altar of Ashenzari.
  4351 | D:4      | Found a staircase to the Ecumenical Temple.
  4408 | D:4      | Found Hadyukee's Magic Scroll Shoppe.
  4414 | D:4      | Bought a scroll of magic mapping for 42 gold pieces
  4419 | D:4      | Noticed Natasha
  4429 | D:4      | Slain by Natasha

Illustrated notes

Levels and vault maps discovered:
D:1:      eino_arrival_water_star, layout_basic
D:2:      layout_loops_ring, hellmonk_ecumenical_altar_run_dry, basic_altar
D:3:      layout_loops_corners, grunt_ministairs_9, uniq_grinder
D:4:      layout_basic, mainiacjoe_overflow_cross_hatched,
          minmay_temple_entry_statues_fountains, portal_sewer_entry_e,
          serial_shops, kennysheep_little_box, uniq_natasha

Skill      XL: |  1  2  3  4  5  6 |
---------------+-------------------+-----
Spellcasting   | 3 4 5 6 |  6.0
Hexes          | 4 5 6 |  6.5
Stealth        | 5 6 |  6.2
Short Blades   | |  1.1
Dodging        | |  2.6

Action                   |  1- 3 |  4- 6 || total
-------------------------+-------+-------++-------
Melee: Dagger            |   169 |    63 ||   232
       Punch             |     2 |     1 ||     3
Throw: Dart              |     4 |       ||     4
 Cast: Ensorcelled Hiber |    13 |    17 ||    30
       Confusing Touch   |       |     1 ||     1
  Use: Scroll            |     3 |    10 ||    13
       Potion            |     1 |     2 ||     3
 Stab: Sleeping          |    11 |    19 ||    30
       Confused          |       |     1 ||     1
Armor: Robe              |    14 |     5 ||    19
Dodge: Dodged            |   153 |    45 ||   198

Table legend: (Time is in decaauts)
 A = Elapsed time spent in this place.
 B = Non-inter-level travel time spent in this place.
 C = Inter-level travel time spent in this place.
 D = Time resting spent in this place.
 E = Time spent auto-exploring this place.
 F = Levels seen in this place.
 G = Mean time per level.
                   A        B        C        D        E       F      G
               +--------+--------+--------+--------+--------+-----+--------+
         Total |   3487 |   3408 |     79 |    699 |   2105 |   4 |  871.8 |
       Dungeon |   3487 |   3408 |     79 |    699 |   2105 |   4 |  871.8 |
               +--------+--------+--------+--------+--------+-----+--------+

Top non-repeatable levels by time:
     D:1: 1211 daAuts
     D:3: 1165 daAuts
     D:2: 883 daAuts
     D:4: 227 daAuts
